 Dungeon Crawl Stone Soup version 0.25-a0-937-gcfae464cf3 (webtiles) character file.

Game seed: 16503516053065052145, levelgen mode: deterministic

96355 Flugkiller the Devastator (level 15, 0/64 HPs)
             Began as a Felid Enchanter on May 4, 2020.
             Was a Follower of Uskayaw.
             Slain by a salamander (9 damage)
             ... on level 2 of the Snake Pit.
             The game lasted 01:54:18 (50058 turns).

Flugkiller the Devastator (Felid Enchanter)        Turns: 50058, Time: 01:54:19

Health: 0/64       AC:  3    Str:  6    XL:     15   Next: 69%
Magic:  27/30      EV: 28    Int: 27    God:    Uskayaw [*.....]
Gold:   1500       SH:  0    Dex: 20    Spells: 11/34 levels left
                                        Lives:  0   Deaths: 4

rFire    . . .     SeeInvis +     - Unarmed
rCold    + . .     Gourm    .   (shield unavailable)
rNeg     . . .     Faith    .   (armour unavailable)
rPois    .         Spirit   .   (helmet unavailable)
rElec    .         Reflect  .   (cloak unavailable)
rCorr    .         Harm     .   (gloves unavailable)
MR       +++..                  (boots unavailable)
Stlth    +++++.....             j - amulet of the acrobat
HPRegen  0.20/turn              d - ring of wizardry
MPRegen  0.22/turn              u - ring of Eternal Night {*Contam MR+ Str+2 Int+7, =R}

@: quick
A: very small, no armour, no weapons or thrown items, stealth, claws 1, fangs 3,
see invisible, carnivore, speed 1, shaggy fur 3, slow metabolism 1, sharp paws
a: Stomp, Renounce Religion


You were on level 2 of the Snake Pit.
You worshipped Uskayaw.
Uskayaw was noncommittal.
You were hungry.

You visited 5 branches of the dungeon, and saw 27 of its levels.
You also visited: Trove, Gauntlet and Ice Cave.

You collected 3002 gold pieces.
You spent 1502 gold pieces at shops.

Inventory:

Jewellery
 a - the ring "Rianirae" {Wiz rN+++ Int+2 Dex-4 Stlth+}
   (You found it in a treasure trove)

   [ring of wizardry]

   It improves your spell success rate.
   It affects your intelligence (+2).
   It affects your dexterity (-4).
   It renders you almost immune to negative energy.
   It makes you more stealthy.
 d - a ring of wizardry (left paw)
   (You found it in a treasure trove)
 j - an amulet of the acrobat (around neck)
   (You found it on level 1 of the Lair of Beasts)
 u - the ring of Eternal Night (right paw) {*Contam MR+ Str+2 Int+7, =R}
   (You found it on level 2 of the Lair of Beasts)

   [ring of strength]

   It affects your strength (+2).
   It affects your intelligence (+7).
   It affects your resistance to hostile enchantments.
   It causes magical contamination when unequipped.
 E - an uncursed ring of protection from fire
   (You bought it in a shop on level 11 of the Dungeon)
 F - the ring of Ighai {+Fly rPois Str+9 Slay+6 Stlth-}
   (You found it in a treasure trove)

   [ring of flight]

   It affects your strength (+9).
   It affects your accuracy and damage with ranged weapons and melee attacks
   (+6).
   It protects you from poison.
   It lets you fly.
   It makes you less stealthy.
Wands
 m - a wand of paralysis (10)
   (You found it on level 1 of the Lair of Beasts)
 o - a wand of acid (18)
   (You found it on level 2 of the Lair of Beasts)
 r - a wand of polymorph (31)
   (You found it on level 6 of the Dungeon)
 x - a wand of iceblast (13)
   (You found it on level 7 of the Dungeon)
 y - a wand of flame (40)
   (You found it on level 3 of the Lair of Beasts)
 G - a wand of enslavement (9)
   (You found it on level 12 of the Dungeon)
Scrolls
 c - 2 scrolls of vulnerability
 e - 2 scrolls of teleportation
 l - 2 scrolls of immolation
 n - a scroll of silence
 p - 6 scrolls of remove curse
 q - 9 scrolls of fog
 t - 4 scrolls of magic mapping
 v - 4 scrolls of amnesia
 I - a scroll of summoning
Potions
 f - 3 potions of curing
 g - a potion of stabbing {unknown}
 h - 4 potions of might
 i - 3 potions of cancellation
 k - a potion of mutation
 s - 3 potions of brilliance
 w - 6 potions of flight
 z - 3 potions of lignification
 A - a potion of haste {unknown}
 B - 2 potions of resistance
 C - a potion of heal wounds
 D - 2 potions of invisibility
Miscellaneous
 H - a phial of floods
   (You found it in a treasure trove)
Comestibles
 b - 30 rations


   Skills:
 + Level 7.4 Fighting
 + Level 11.3 Dodging
 - Level 10.0 Stealth
 - Level 10.0 Unarmed Combat
 - Level 10.0 Spellcasting
 - Level 17.7 Conjurations
 - Level 10.3 Hexes
 - Level 5.0 Invocations


You had 11 spell levels left.
You knew the following spells:

 Your Spells              Type           Power        Failure   Level  Hunger
a - Orb of Destruction    Conj           #######...   1%          7    #######
b - Ensorcelled Hibernat  Hex/Ice        #####.       1%          2    None
c - Confusing Touch       Hex            ######..     1%          3    None
d - Tukima's Dance        Hex            ######..     1%          3    None
e - Fulminant Prism       Conj/Hex       ######....   1%          4    None
f - Iskenderun's Mystic   Conj/Tloc      ######..     1%          4    None

Your spell library contained the following spells:

 Spells                   Type           Power        Failure   Level  Hunger
 Magic Dart               Conj           ####         0%          1    None
 Searing Ray              Conj           ######       0%          2    None
 Animate Skeleton         Necr           N/A          1%          1    None
 Apportation              Tloc           ##....       1%          1    None
 Corona                   Hex            ######.      1%          1    None
 Pain                     Necr           ##..         1%          1    None
 Summon Small Mammal      Summ           ##..         1%          1    None
 Conjure Flame            Conj/Fire      ######..     1%          3    None
 Dazzling Flash           Conj/Hex       ######       1%          3    None
 Mephitic Cloud           Conj/Pois/Air  #####...     1%          3    None
 Iskenderun's Battlesphe  Conj/Chrm      ######..     1%          5    ####...
 Poisonous Vapours        Pois/Air       ##....       2%          2    None
 Bolt of Magma            Conj/Fire/Erth #####.....   4%          5    ####...
 Vampiric Draining        Necr           ##........   5%          3    None
 Silence                  Hex/Air        #####.....   6%          5    ####...
 Conjure Ball Lightning   Conj/Air       ######....   7%          6    #####..
 Iron Shot                Conj/Erth      ######....   7%          6    #####..
 Animate Dead             Necr           N/A          16%         4    None
 Summon Lightning Spire   Summ/Air       ##......     16%         4    None
 Freezing Cloud           Conj/Ice/Air   #####.....   22%         6    #####..
 Spellforged Servitor     Conj/Summ      ######....   34%         7    #######
 Agony                    Necr           ##......     41%         5    ####...
 Ring of Flames           Chrm/Fire      ##........   100%        7    #######
 Tornado                  Air            ##........   100%        9    #######


Dungeon Overview and Level Annotations

Branches:
Dungeon (15/15)            Temple (1/1) D:7            Lair (6/6) D:9
  Swamp (0/4) Lair:2        Snake (3/4) Lair:3        Slime (0/5) Lair:5
    Orc (2/2) D:9             Elf (0/3) Orc:2        Vaults (0/5) D:14
 Depths (0/5) D:15          IceCv (visited)         Gauntlet (visited)

Altars:
Ashenzari
Cheibriados
Elyvilon
Gozag
Nemelex Xobeh
Okawaru
Qazlal
Ru
Trog
Uskayaw
Vehumet
Yredelemnul
Zin
The Shining One
Jiyva

Shops:
D:4 %   D:6 ?   D:11 =   Orc:2 [==}   Snake:2 **[

Portals:
Abyss: D:3 Lair:5

Annotations:
D:2 exclusion: downstairs
D:3 2 transporters, Ijyb; bmj180's ghost, amateur DrCj
D:5 exclusions: 3 gnolls, gnoll shaman and 2 orc priests
D:8 1 runed translucent door, Vidiiot's ghost, novice MiFi
D:11 2 runed translucent doors, AoiMiko's ghost, journeyman DECj
Lair:5 2 transporters, Vabeppot's ghost, journeyman DrGl
Lair:6 2 transporters, bmj180's ghost, journeyman DrCj
Snake:1 2 transporters, Pufomaci's ghost, adept GrBe


Innate Abilities, Weirdness & Mutations

You cannot wear armour.
You are incapable of wielding weapons or throwing items.
Your paws allow you to move quietly. (Stealth)
You have sharp claws.
You have razor-sharp teeth.
You have supernaturally acute eyesight. (SInv)
You are carnivorous and can eat meat at any time.
You cover ground quickly.
Your thick and shaggy fur keeps you warm. (AC +3, rC+)
You have a slow metabolism.
Your sharp claws are effective at attacking unaware monsters.


Message History

The naga constricts you. The naga spits poison at you.
The splash of poison misses you.
The splash of poison hits the naga mage but does no damage.
The naga mage is poisoned.
The naga warrior misses you. The naga mage spits poison at you.
The splash of poison misses you.
The splash of poison hits the naga.
The naga completely resists.
There is a stone staircase leading up, spattered with blood here.
Unknown command.
Casting: Ensorcelled Hibernation (safe; 1% risk of failure)
Confirm with . or Enter, or press ? or * to list all spells.
You erupt in a blast of force!
The mystic blast hits the naga mage!
The naga mage is lightly wounded.
The naga mage is knocked back by the mystic blast.
The mystic blast hits the naga warrior!
The naga warrior is lightly wounded.
The naga warrior is knocked back by the mystic blast.
The naga warrior slams into the rock wall!
The mystic blast misses the salamander.
The mystic blast hits the naga!
The naga is heavily wounded.
The naga loses its grip on you.
The naga is knocked back by the mystic blast.
The mystic blast hits the naga!!
The naga is severely wounded.
The naga is knocked back by the mystic blast.
The salamander completely misses you.
Unknown command.
The salamander hits you!
* * * LOW HITPOINT WARNING * * *
You are engulfed in flames!
* * * LOW HITPOINT WARNING * * *
The naga spits poison at you. The splash of poison hits you.
You are poisoned.
* * * LOW HITPOINT WARNING * * *
The naga warrior spits poison at you. The splash of poison hits you.
You are more poisoned.
* * * LOW HITPOINT WARNING * * *
You climb upwards.
* * * LOW HITPOINT WARNING * * *
You feel sick.
There is a stone staircase leading down here.
Unknown command.
Unknown command.
You feel better. The salamander hits you.
* * * LOW HITPOINT WARNING * * *
You are engulfed in flames!
You die...

### #.### #.# #...##### # ##(#
#.......# # #.[# #....##.### #
####..# ##....##...## # #(.((.#
##..#######..#### #..(..# ##..##
#####...## #....(### ##N.##
#...###... ######.....## #.@##
#.....)... #...##(#.#..# #.##
###)...##... %?...<.#.##.# #.#
#...##.#.... ..)...##.##.###.###
#...#..#...#
..%%[..[.##.##....####.....##....
##)#.....#...#.##...........##...
#)########.########.###..<[.....
##)((....#...#.......###......)..
)..###...(.∩.....######.....#####


You could see a salamander.

Vanquished Creatures
  Frances (Lair:3)
  Azrael (D:14)
  A fire dragon (Lair:6)
  6 hydras
  9 naga warriors
  5 vault guards (D:14)
  2 centaur warriors (D:15)
  A two-headed ogre (Orc:2)
  2 death yaks (Lair:4)
  Urug (Lair:1)
  6 orc high priests
  An ogre mage (D:14)
  2 naga sharpshooters
  2 shock serpents (Snake:2)
  2 skeletal warriors (D:15)
  A salamander mystic (Snake:2)
  2 unseen horrors
  A phantasmal warrior (D:15)
  5 orc knights
  An orange crystal statue (Gauntlet)
  3 naga ritualists
  A necromancer (D:15)
  A mana viper (Snake:2)
  A deep elf mage (D:12)
  A lindwurm (Lair:6)
  3 orc sorcerers
  9 ugly things
  4 elephants (Lair:6)
  A cyclops (D:15)
  8 salamanders
  A manticore (D:15)
  3 guardian serpents
  A frost giant skeleton (D:15)
  3 centaur zombies
  20 black mambas
  6 naga magi
  3 molten gargoyles (Lair:6)
  6 spiny frogs
  A spriggan zombie (D:15)
  3 gargoyles
  5 rime drakes
  6 komodo dragons
  A kobold demonologist (D:14)
  2 yaktaur zombies (D:15)
  A guardian mummy (D:14)
  3 trolls
  A tengu conjurer (D:15)
  2 dancing weapons
  3 bog bodies (Lair:2)
  2 polar bears (Lair:1)
  A meliai zombie (D:10)
  20 blink frogs
  6 hippogriffs
  14 slime creatures
  A spriggan (D:9)
  2 shadows
  2 wraiths
  6 wyverns
  4 fire elementals (D:14)
  A human (D:14)
  7 basilisks
  22 yaks
  A vampire (D:15)
  2 hungry ghosts (D:14)
  4 vampire mosquitoes (D:14)
  2 steam dragons (Lair:6)
  24 nagas
  2 swamp worms (Lair:2)
  A warg (Orc:2)
  7 hell hounds
  15 water moccasins
  7 porcupines
  6 black bears
  4 sky beasts
  25 orc warriors
  A necrophage (D:8)
  3 ice beasts
  3 phantoms
  13 wolves
  An eye of draining (D:9)
  An ogre (D:11)
  17 centaurs
  10 crocodiles
  2 big kobolds (D:14)
  A gnoll sergeant (D:11)
  18 bullfrogs
  A wyvern skeleton (D:9)
  7 scorpions
  7 killer bees
  6 wights
  4 howler monkeys
  4 crimson imps
  An electric eel (Lair:1)
  2 bullfrog zombies
  5 lava snakes (Lair:6)
  9 hounds
  3 bullfrog skeletons
  6 jellies
  24 orc priests
  8 orc wizards
  2 centaur skeletons
  5 iguanas
  Jessica (D:3)
  A gnoll shaman (D:7)
  Terence (D:3)
  8 worker ants
  A hound skeleton (D:10)
  A worker ant zombie (D:6)
  A howler monkey zombie (D:8)
  8 gnolls
  A howler monkey skeleton (D:8)
  14 adders
  4 shadow imps
  An ooze (D:6)
  2 adder zombies
  4 worms (D:3)
  5 leopard geckos
  63 orcs
  5 giant cockroaches
  3 goblins
  4 hobgoblins
  5 jackals
  7 quokkas
  A ball python (D:3)
  9 bats
  5 frilled lizards
  A giant cockroach zombie (D:5)
  8 kobolds
  A leopard gecko zombie (D:7)
  2 rats
674 creatures vanquished.

Vanquished Creatures (collateral kills)
  A two-headed ogre (D:9)
  A troll (D:9)
  3 orc warriors
  A gnoll sergeant (D:9)
  2 wights (D:13)
  An orc priest (Orc:2)
  4 gnolls
13 creatures vanquished.

Vanquished Creatures (others)
  A slime creature (D:12)
  8 dancing weapons
  A wyvern skeleton (D:14)
  A gnoll (D:9)
  144 fulminant prisms
  6 fungi
  5 plants
  4 withered plants (D:15)
170 creatures vanquished.

Grand Total: 857 creatures vanquished

Notes
Turn   | Place    | Note
-------+----------+-------------------------------------------
     0 | D:1      | Flugkiller the Felid Enchanter began the quest for the Orb.
     0 | D:1      | Reached XP level 1. HP: 7/7 MP: 4/4
   512 | D:2      | Found a bloodstained altar of Trog.
   616 | D:2      | Found a faded altar of an unknown god.
   687 | D:2      | You fall into a shaft and drop 2 floors!
   703 | D:4      | Noticed a scorpion
   758 | D:4      | Reached skill level 1 in Fighting
   959 | D:4      | Noticed a worker ant
  1022 | D:4      | Reached XP level 2. HP: 7/12 MP: 4/6
  1226 | D:4      | Learned a level 2 spell: Ensorcelled Hibernation
  1251 | D:3      | Noticed Jessica
  1266 | D:3      | Noticed a big kobold
  1283 | D:3      | Found a transporter.
  1357 | D:3      | Found a one-way gate to the infinite horrors of the Abyss.
  1357 | D:3      | Noticed bmj180's ghost (amateur DrCj)
  1429 | D:3      | Noticed a crimson imp
  1486 | D:3      | Reached XP level 3. HP: 16/16 MP: 2/7
  1534 | D:3      | Learned a level 3 spell: Confusing Touch
  1548 | D:3      | Noticed a small abomination
  1633 | D:3      | Killed Jessica
  2016 | D:3      | Found a transporter.
  2403 | D:2      | Reached XP level 4. HP: 20/20 MP: 8/8
  2909 | D:3      | Noticed Ijyb
  2968 | D:3      | Noticed Terence
  3088 | D:3      | Killed Terence
  3124 | D:3      | Reached XP level 5. HP: 11/24 MP: 3/9
  3501 | D:3      | Killed from afar by Ijyb
  3502 | D:3      | Reached XP level 4. HP: -3/21 MP: 8/8
  3594 | D:3      | Noticed a bullfrog
  3609 | D:3      | Killed a bullfrog
  3609 | D:3      | Reached XP level 5. HP: 17/25 MP: 6/9
  3961 | D:4      | Found Qivyl's Food Shop.
  4706 | D:4      | Gained mutation: You are covered in thick fur. (AC +2)
                  | [Felid growth]
  4706 | D:4      | Reached XP level 6. HP: 21/29 MP: 7/10
  4867 | D:5      | Entered Level 5 of the Dungeon
  5212 | D:5      | Noticed a sky beast
  5233 | D:5      | Reached skill level 5 in Hexes
  5247 | D:5      | Killed a sky beast
  5247 | D:5      | Reached XP level 7. HP: 33/33 MP: 5/12
  5879 | D:5      | Found a glowing silver altar of Zin.
  5883 | D:5      | Found a stormy altar of Qazlal.
  6240 | D:6      | Reached skill level 5 in Dodging
  6539 | D:6      | Found Atesh's Magic Scroll Shop.
  6547 | D:6      | Bought a scroll of identify for 30 gold pieces
  6572 | D:6      | Reached skill level 5 in Stealth
  6890 | D:5      | Learned a level 3 spell: Tukima's Dance
  7519 | D:6      | Reached skill level 5 in Unarmed Combat
  7519 | D:6      | Reached XP level 8. HP: 24/36 MP: 11/13
  7771 | D:7      | Reached skill level 5 in Fighting
  8320 | D:7      | Found a staircase to the Ecumenical Temple.
  8330 | Temple   | Entered the Ecumenical Temple
  8399 | Temple   | Became a worshipper of Uskayaw the Reveler
  8462 | D:7      | Reached * piety under Uskayaw
  8506 | D:7      | Learned a level 4 spell: Fulminant Prism
  8538 | D:7      | Reached skill level 1 in Conjurations
  8706 | D:7      | Reached ** piety under Uskayaw
  9215 | D:7      | Reached skill level 2 in Conjurations
  9419 | D:7      | Reached skill level 3 in Conjurations
  9729 | D:8      | Reached XP level 9. HP: 40/40 MP: 14/14
  9859 | D:8      | Reached skill level 10 in Hexes
  9865 | D:8      | Reached *** piety under Uskayaw
  9869 | D:8      | Reached skill level 4 in Conjurations
  9882 | D:8      | Reached **** piety under Uskayaw
  9904 | D:8      | Reached ***** piety under Uskayaw
  9907 | D:8      | Reached skill level 5 in Conjurations
  9911 | D:8      | Reached ****** piety under Uskayaw
 10680 | D:8      | Found a runed translucent door.
 10680 | D:8      | Noticed Vidiiot's ghost (novice MiFi)
 11092 | D:9      | Reached skill level 10 in Stealth
 11610 | D:9      | Reached XP level 10. HP: 44/44 MP: 15/15
 12043 | D:9      | Found a staircase to the Lair.
 12069 | D:9      | Noticed a two-headed ogre
 12250 | D:9      | HP: 2/44 [two-headed ogre (15)]
 12250 | D:9      | Mangled by a two-headed ogre
 12251 | D:9      | Reached XP level 9. HP: -7/40 MP: 1/14
 12258 | D:9      | Killed a two-headed ogre
 12267 | D:9      | Found an opulent altar of Gozag.
 12902 | D:9      | Found a staircase to the Orcish Mines.
 13754 | D:9      | Reached skill level 10 in Unarmed Combat
 13754 | D:9      | Reached skill level 1 in Invocations
 13807 | Lair:1   | Entered Level 1 of the Lair of Beasts
 13884 | Lair:1   | Found a gate leading to a gauntlet.
 13891 | Lair:1   | Reached XP level 10. HP: 44/44 MP: 12/15
 13916 | Gauntlet | Entered a Gauntlet
 13916 | Gauntlet | Found a transporter.
 13919 | Gauntlet | Found a transporter.
 13924 | Gauntlet | Noticed an apocalypse crab
 13934 | Gauntlet | Found a transporter.
 13935 | Gauntlet | Found a transporter.
 13944 | Gauntlet | Noticed an orange crystal statue
 13947 | Gauntlet | Found a transporter.
 13965 | Gauntlet | Found a transporter.
 13970 | Gauntlet | Found a transporter.
 13972 | Gauntlet | Noticed an elephant
 13972 | Gauntlet | Noticed a dire elephant
 13973 | Gauntlet | Found a transporter.
 13981 | Gauntlet | Noticed an elephant
 13983 | Gauntlet | Noticed an elephant
 14002 | Gauntlet | Found a transporter.
 14002 | Gauntlet | Noticed a blizzard demon
 14022 | Gauntlet | Found a transporter.
 14026 | Gauntlet | Found a transporter.
 14026 | Gauntlet | Noticed a moth of wrath
 14034 | Gauntlet | Found a transporter.
 14055 | Gauntlet | Noticed a thrashing horror
 14056 | Gauntlet | Noticed a thrashing horror
 14526 | Gauntlet | Killed an orange crystal statue
 14633 | Gauntlet | Noticed a minotaur
 14650 | Gauntlet | Slain by a minotaur
 14651 | Gauntlet | Reached XP level 9. HP: -3/40 MP: 12/14
 14715 | Lair:1   | Noticed Urug
 14778 | Lair:1   | Noticed a komodo dragon
 14993 | Lair:1   | Reached skill level 5 in Invocations
 15803 | Lair:1   | Killed Urug
 15803 | Lair:1   | Reached XP level 10. HP: 45/45 MP: 10/15
 16434 | Lair:2   | HP: 1/45 [bog body (23)]
 17460 | Lair:2   | Reached skill level 10 in Dodging
 17463 | Lair:2   | Got a flickering bone ring
 17464 | Lair:2   | Identified the ring of Eternal Night {*Contam MR+ Str+2
                  | Int+7} (You found it on level 2 of the Lair of Beasts)
 18134 | Lair:3   | Found a staircase to the Snake Pit.
 18138 | Lair:3   | Reached XP level 11. HP: 48/48 MP: 17/17
 18348 | Lair:3   | Reached skill level 6 in Conjurations
 18596 | Lair:3   | Reached skill level 5 in Spellcasting
 19524 | Lair:4   | Found a frozen archway.
 19527 | Lair:4   | Reached skill level 7 in Conjurations
 19542 | IceCv    | Entered an ice cave
 19976 | Lair:4   | Noticed a seven-headed hydra
 19976 | Lair:4   | Noticed a seven-headed hydra
 20011 | Lair:4   | Noticed a death yak
 20011 | Lair:4   | Noticed a death yak
 20012 | Lair:4   | Noticed a death yak
 20013 | Lair:4   | Noticed a death yak
 20013 | Lair:4   | Noticed a death yak
 20095 | Lair:4   | Noticed a six-headed hydra
 20132 | Lair:4   | Killed a six-headed hydra
 20363 | Lair:4   | Found an iron altar of Okawaru.
 20663 | Lair:4   | Noticed a five-headed hydra
 20685 | Lair:4   | Killed a five-headed hydra
 20718 | Lair:4   | Reached skill level 8 in Conjurations
 20899 | Lair:4   | Noticed a death yak
 21335 | Lair:4   | Killed a seven-headed hydra
 21335 | Lair:4   | Gained mutation: Your thick and shaggy fur keeps you warm.
                  | (AC +3, rC+) [Felid growth]
 21335 | Lair:4   | Reached XP level 12. HP: 52/52 MP: 11/23
 21482 | Lair:4   | You fall into a shaft and drop 2 floors!
 21482 | Lair:6   | Entered Level 6 of the Lair of Beasts
 21558 | Lair:5   | Found a staircase to the Slime Pits.
 21558 | Lair:5   | Found a viscous altar of Jiyva.
 21682 | Lair:4   | Killed a seven-headed hydra
 21682 | Lair:4   | Reached skill level 9 in Conjurations
 22219 | Lair:4   | Killed a death yak
 23206 | Lair:4   | Killed a death yak
 23413 | Lair:5   | Noticed a six-headed hydra
 23625 | Lair:5   | Reached skill level 10 in Conjurations
 23658 | Lair:5   | Noticed Vabeppot's ghost (journeyman DrGl)
 23674 | Lair:5   | Killed a six-headed hydra
 23735 | Lair:5   | Found a transporter.
 24010 | Lair:5   | Found a transporter.
 24490 | Lair:5   | Reached skill level 11 in Conjurations
 25608 | Lair:6   | Noticed bmj180's ghost (journeyman DrCj)
 25614 | Lair:6   | Found a transporter.
 25664 | Lair:6   | Learned a level 7 spell: Orb of Destruction
 25796 | Lair:6   | Reached skill level 12 in Conjurations
 25963 | Lair:6   | Found a transporter.
 26123 | Lair:6   | Reached XP level 13. HP: 55/55 MP: 18/24
 26285 | Lair:6   | Found a large runed translucent door.
 26286 | Lair:6   | Noticed a fire dragon
 26838 | Lair:6   | Found a large runed translucent door.
 26948 | Lair:6   | Reached skill level 13 in Conjurations
 27371 | Lair:6   | Killed a fire dragon
 27733 | D:10     | Entered Level 10 of the Dungeon
 27871 | D:10     | Found a glowing golden altar of the Shining One.
 29289 | D:11     | Found Quatuv's Jewellery Shop.
 29458 | D:11     | Bought an uncursed ring of protection from fire for 400
                  | gold pieces
 29714 | D:11     | Found a large runed translucent door.
 29715 | D:11     | Found a large runed translucent door.
 29715 | D:11     | Noticed AoiMiko's ghost (journeyman DECj)
 30053 | D:11     | Learned a level 4 spell: Iskenderun's Mystic Blast
 30474 | D:12     | Found a stormy altar of Qazlal.
 30673 | D:12     | Reached skill level 14 in Conjurations
 33573 | D:14     | Found a portal to a secret trove of treasure.
 34050 | D:14     | Noticed Azrael
 35307 | D:14     | Reached XP level 14. HP: 60/60 MP: 9/25
 35416 | D:14     | Reached skill level 15 in Conjurations
 35555 | D:14     | Killed Azrael
 36632 | D:14     | Found a gate to the Vaults.
 36657 | D:15     | Entered Level 15 of the Dungeon
 37892 | D:15     | Reached skill level 16 in Conjurations
 38642 | D:15     | Found a staircase to the Depths.
 39712 | Orc:1    | Entered Level 1 of the Orcish Mines
 40017 | Orc:2    | Entered Level 2 of the Orcish Mines
 41492 | Orc:2    | Found a staircase to the Elven Halls.
 42446 | Orc:2    | Found Saefoada's Jewellery Boutique.
 42449 | Orc:2    | Found Poikheiw's Jewellery Shop.
 42450 | Orc:2    | Found Ahujumoh's Gadget Boutique.
 42451 | Orc:2    | Found Zusuparhu's Antique Armour Boutique.
 42677 | Snake:1  | Entered Level 1 of the Snake Pit
 42696 | Snake:1  | Reached XP level 15. HP: 63/63 MP: 14/29
 42840 | Snake:1  | Noticed Frances
 43107 | Lair:3   | Killed Frances
 43313 | Lair:2   | Found a staircase to the Swamp.
 43521 | D:6      | Bought a scroll of fog for 30 gold pieces
 43521 | D:6      | Bought a scroll of acquirement for 780 gold pieces
 43521 | D:6      | Bought a scroll of teleportation for 45 gold pieces
 43521 | D:6      | Bought a scroll of teleportation for 45 gold pieces
 43521 | D:6      | Bought a scroll of summoning for 142 gold pieces
 44188 | Snake:1  | Found a transporter.
 44192 | Snake:1  | Found a transporter.
 44196 | Snake:1  | Noticed Pufomaci's ghost (adept GrBe)
 44640 | Snake:1  | Reached skill level 17 in Conjurations
 45008 | Snake:2  | Found Rosetsow's General Store.
 45012 | Snake:2  | Found Ymuul's Assorted Antiques.
 45013 | Snake:2  | Found Olet's Armour Boutique.
 45567 | Snake:2  | Shot with an arrow by a naga sharpshooter
 45568 | Snake:2  | Reached XP level 14. HP: -2/60 MP: 22/28
 45716 | Snake:2  | Reached skill level 10 in Spellcasting
 46321 | Snake:2  | Bought a scroll labeled SEFOREKAANG for 30 gold pieces
 46323 | Snake:2  | Reached XP level 15. HP: 63/63 MP: 30/30
 47101 | D:14     | You paid a toll of 2 scrolls of acquirement to enter a
                  | treasure trove
 47102 | Trove    | Entered a treasure trove
 47112 | Trove    | Got an ancient jade ring
 47134 | Trove    | Got a smoking brass ring
 47153 | D:14     | Identified the ring "Rianirae" {Wiz rN+++ Int+2 Dex-4
                  | Stlth+} (You found it in a treasure trove)
 47155 | D:14     | Identified the ring of Ighai {+Fly rPois Str+9 Slay+6
                  | Stlth-} (You found it in a treasure trove)
 50057 | Snake:2  | HP: 3/64 [poisoned by a naga warrior (splash of poison)]
 50058 | Snake:2  | Slain by a salamander

Levels and vault maps discovered:
D:1:      saegor_arrival_simple_e, layout_rooms
D:2:      layout_basic, lemuel_doored_altar,
          chequers_ecumenical_altar_simple_redux, first_ration
D:3:      layout_basic, gammafunk_ghost_abyssal_escape, uniq_terence,
          uniq_jessica, uniq_grinder, uniq_ijyb
D:4:      layout_loops_corners, serial_shops, shop_fountains, grunt_decor_cap
D:5:      layout_basic, minitemple
D:6:      layout_cave_pools, serial_shops, shop
D:7:      layout_rooms, minmay_temple_entry_statues_fountains,
          corexii_corridor_pit
D:8:      layout_cave_pools, ebering_ghost_reflecting_pool,
          kennysheep_generic_room_7
D:9:      layout_basic, grunt_gozag_statues, erik_lair_island, david_orc_3,
          the_bakery
D:10:     layout_small_grid, basic_altar
D:11:     layout_cave_pods, ebering_ghost_disaster_area, serial_shops, shop
D:12:     layout_small_grid, grunt_qazlal_clouds
D:13:     layout_irregular_city
D:14:     layout_long_grid, grunt_vaults_entry_fortified,
          minmay_stone_trees_small, nicolae_trove_entry_path_of_doom,
          uniq_azrael
D:15:     gammafunk_depths_entry_grave, layout_layer_cave,
          hangedman_abyss_or_decor_lesser_grid, abandoned_shop
Temple:   dpeg_five_rooms_temple
Lair:1:   layout_regular_city, lightli_volcano_entry_magma_tube,
          gauntlet_entry_generic, gammafunk_lair_bear_cave,
          serial_bayou_shore_b, uniq_urug
Lair:2:   layout_regular_city, nicolae_swamp_entry_splash_gauntlet,
          minivault_27, chequers_serial_rivers_micro_e
Lair:3:   layout_gridlike, minmay_snake_entry_guardpost_medium
Lair:4:   layout_regular_city, portal_ice_cave_rime, lemuel_centaur_altar,
          serial_bayou_shore_b
Lair:5:   layout_misc_corridors, slime_altar_1, gammafunk_ghost_abyssal_escape,
          grunt_megastairs_4
Lair:6:   cheibrodos_lair_end_hotspot, layout_cave_shapes, gammafunk_ghost_hive
Snake:1:  layout_concentric_octagons, gammafunk_ghost_berserking_beasts,
          uniq_frances
Snake:2:  layout_misc_corridors, lemuel_fruit_tree, minmay_shop_star,
          grunt_megastairs_1
Snake:3:  layout_cave_shapes, drop_trap
Orc:1:    layout_caves, serial_shops, shop_fountains
Orc:2:    st_orc_pillars, layout_caves

Skill      XL: |  1  2  3  4  5  6  7  8  9 10 11 12 13 14 15 |
---------------+----------------------------------------------+-----
Fighting       | 1 2 3 4 5 6 7 |  7.4
Unarmed Combat | 2 4 5 6 10 8 | 10.0
Hexes          | 5 7 9 10 | 10.3
Spellcasting   | 3 7 10 | 10.0
Dodging        | 5 6 10 11 | 11.3
Stealth        | 6 10 | 10.0
Conjurations   | 3 5 8 12 14 16 17 | 17.7
Invocations    | 5 3 |  5.0

Action                   |  1- 3 |  4- 6 |  7- 9 | 10-12 | 13-15 || total
-------------------------+-------+-------+-------+-------+-------++-------
Melee: Unarmed           |    79 |    77 |   345 |   235 |   595 ||  1331
       Bite              |     3 |     1 |    37 |    12 |    57 ||   110
       Punch             |       |       |    12 |     6 |    26 ||    44
 Cast: Corona            |     5 |     1 |     3 |       |       ||     9
       Ensorcelled Hiber |    13 |    28 |   130 |   260 |   220 ||   651
       Confusing Touch   |       |       |    16 |     6 |    20 ||    42
       Tukima's Dance    |       |       |    12 |     5 |    32 ||    49
       Fulminant Prism   |       |       |       |    46 |    98 ||   144
       Iskenderun's Myst |       |       |       |       |    52 ||    52
       Orb of Destructio |       |       |       |       |   119 ||   119
 Abil: Evoke Berserk Rag |       |       |     1 |       |       ||     1
Evoke: Wand              |       |       |    12 |       |    15 ||    27
  Use: Potion            |     2 |       |     3 |     2 |    10 ||    17
       Scroll            |       |     3 |    14 |     4 |    16 ||    37
 Stab: Sleeping          |    14 |    30 |    78 |   102 |   115 ||   339
       Confused          |       |       |     8 |     4 |    17 ||    29
       Distracted        |       |       |     2 |     1 |     2 ||     5
       Paralysed         |       |       |     2 |     1 |     7 ||    10
       Invisible         |       |       |       |       |     2 ||     2
  Eat: Chunk             |    11 |    12 |    37 |    26 |    66 ||   152
       Ration            |       |       |       |       |    19 ||    19
Armor: Skin              |     8 |       |    53 |     1 |    18 ||    80
Dodge: Dodged            |    85 |    47 |   224 |   267 |   655 ||  1278

Table legend:
 A = Non-vault XP
 B = Vault XP
 C = Vault XP percentage of total XP
 D = Non-vault monster count
 E = Vault monster count
 F = Vault count percentage of total count
                 A         B        C        D         E       F
            +---------+---------+-------+---------+---------+-------
      Total |  100009 |   42444 |  29.8 |     512 |     174 |  25.4
            +---------+---------+-------+---------+---------+-------
        D:1 |       6 |       0 |   0.0 |       5 |       0 |   0.0
        D:2 |      29 |       0 |   0.0 |      10 |       0 |   0.0
        D:3 |     214 |      73 |  25.4 |      30 |       2 |   6.2
        D:4 |     204 |       0 |   0.0 |      12 |       0 |   0.0
        D:5 |     488 |       0 |   0.0 |      12 |       0 |   0.0
        D:6 |     787 |       0 |   0.0 |      18 |       0 |   0.0
        D:7 |    1159 |       0 |   0.0 |      26 |       0 |   0.0
        D:8 |    1864 |     224 |  10.7 |      29 |       4 |  12.1
        D:9 |    2460 |    1058 |  30.1 |      29 |      16 |  35.6
       D:10 |     966 |       0 |   0.0 |      21 |       0 |   0.0
       D:11 |    4104 |       0 |   0.0 |      31 |       0 |   0.0
       D:12 |    5316 |       0 |   0.0 |      23 |       0 |   0.0
       D:13 |    1263 |       0 |   0.0 |      16 |       0 |   0.0
       D:14 |    3900 |    9498 |  70.9 |      24 |      20 |  45.5
       D:15 |   11525 |    4434 |  27.8 |      24 |       8 |  25.0
     Lair:1 |    3851 |    1478 |  27.7 |      23 |       4 |  14.8
     Lair:2 |    2325 |    1111 |  32.3 |      15 |       5 |  25.0
     Lair:3 |    4270 |    3211 |  42.9 |      17 |       7 |  29.2
     Lair:4 |    8532 |    1181 |  12.2 |      23 |       6 |  20.7
     Lair:5 |    6282 |     145 |   2.3 |      23 |       1 |   4.2
     Lair:6 |    6339 |    8444 |  57.1 |      23 |      29 |  55.8
    Snake:1 |   10963 |       0 |   0.0 |      22 |       0 |   0.0
    Snake:2 |   19669 |     960 |   4.7 |      40 |       2 |   4.8
      Orc:1 |    1568 |       0 |   0.0 |       7 |       0 |   0.0
      Orc:2 |    1925 |    9980 |  83.8 |       9 |      69 |  88.5
   Gauntlet |       0 |     647 | 100.0 |       0 |       1 | 100.0
            +---------+---------+-------+---------+---------+-------
